 Dungeon Crawl Stone Soup version 0.30.0-13-g156ef70053 (webtiles) character file.

Game seed: 14240813362975115539

272 browni3141 the Firebug (level 6, 45/45 HPs)
             Began as a Demonspawn Fire Elementalist on May 17, 2023.
             Got out of the dungeon alive.
             The game lasted 00:05:29 (4399 turns).

browni3141 the Firebug (DsFE)                       Turns: 4399, Time: 00:05:30

Health: 45/45      AC:  8    Str:  9    XL:     6   Next: 2%
Magic:  10/10      EV: 15    Int: 18    God:
Gold:   200        SH:  4    Dex: 13    Spells: 8/11 levels left

rFire   . . .        n - +0 short sword
rCold   + . .        (no shield)
rNeg    . . .        x - +1 ring mail {rC+}
rPois   .            r - +0 helmet
rElec   .            (no cloak)
rCorr   .            (no gloves)
SInv    .            (no boots)
Will    .....        (no amulet)
Stlth   ++           w - +5 ring of evasion
HPRegen 0.27/turn    (no ring)
MPRegen 0.24/turn

%: guardian spirit
@: no status effects
A: rugged brown scales 1, magic shield, magic regeneration, condensation shield
a: no special abilities


You escaped.
You visited 1 branch of the dungeon, and saw 4 of its levels.

You collected 200 gold pieces.

Inventory:

Hand Weapons
 n - a +0 short sword (weapon)
 I - a +1 heavy spear
Armour
 a - a +0 robe
 r - a +0 helmet (worn)
 x - a +1 ring mail of cold resistance (worn)
Jewellery
 w - a +5 ring of evasion (left hand)
 F - an amulet of regeneration
 H - a ring of magical power
Scrolls
 o - a scroll of poison {unknown}
 q - 4 scrolls of identify {unknown}
 t - 5 scrolls of teleportation {unknown}
 u - 4 scrolls of enchant weapon {unknown}
 y - a scroll of vulnerability {unknown}
 z - a scroll of silence {unknown}
 B - a scroll of fear {unknown}
 C - a scroll of blinking {unknown}
 G - a scroll of fog {unknown}
Potions
 m - 2 potions of magic
 p - a potion of might {unknown}
 s - 4 potions of curing {unknown}
 v - a potion of ambrosia {unknown}
 A - 2 potions of haste {unknown}
 D - a potion of mutation {unknown}
 E - a potion of brilliance {unknown}


   Skills:
 + Level 2.1 Fighting
 + Level 2.8 Dodging
 + Level 3.1 Stealth
 + Level 3.1 Spellcasting
 - Level 2.0 Conjurations
 + Level 3.5 Fire Magic


You had 8 spell levels left.
You knew the following spells:

 Your Spells              Type           Power      Damage    Failure   Level
x - Scorch                Fire           30%        2d6       16%         2
z - Foxfire               Conj/Fire      48%        2x1d6     14%         1

Your spell library contained the following spells:

 Spells                   Type           Power      Damage    Failure   Level
 Necrotise                Necr           8%         1d4       41%         1
 Momentum Strike          Conj/Tloc      12%        3d8       41%         2
 Inner Flame              Hex/Fire       9%         N/A       54%         3
 Volatile Blastmotes      Fire/Tloc      18%        2d11      54%         3
 Blink                    Tloc           4%         N/A       56%         2
 Lesser Beckoning         Tloc           4%         N/A       56%         2
 Gell's Gravitas          Tloc           2%         N/A       80%         3
 Teleport Other           Tloc           2%         N/A       80%         3
 Vampiric Draining        Necr           2%         2d6       80%         3
 Flame Wave               Conj/Fire      12%        2d6       82%         4
 Agony                    Necr           2%         N/A       100%        5
 Dispersal                Tloc           1%         N/A       100%        6


Dungeon Overview and Level Annotations

Branches:
Dungeon (4/15)
 Temple: D:4-7

Altars:
Fedhas
Makhleb
Okawaru
Sif Muna
Trog

Shops:
D:2 ?

Annotations:
D:4 exclusion: 3 lemures, Pikel


Innate Abilities, Weirdness & Mutations

You are partially covered in rugged brown scales. (AC +1, +3% HP)
When hurt, damage is shared between your health and your magic reserves.
You regenerate magic rapidly.
A meltable shield of frost defends you. (SH +4)


Message History

a +0 dagger; a goblin corpse Pikel, Merchant of Souls comes into view.
He is wielding a +2 whip of electrocution and carrying a wand of paralysis (7).
Press: ? - help, v - describe, . - travel
Here: Pikel, wielding a +2 whip of electrocution, wearing a +0 robe and carrying a wand of paralysis (7) (asleep)
The floor.
Placed new exclusion.
A lemure comes into view.
A lemure is nearby!
A lemure is nearby!
A lemure is nearby!
A lemure is nearby!
Press: ? - help, . - travel You can't see that place. [the floor.] Placed new exclusion. 2 lemures come into view.
There are monsters nearby!
There are monsters nearby!
There are monsters nearby!
Placed new exclusion.
Press: ? - help, v - describe, . - travel
Here: a lemure (asleep)
The floor.
Placed new exclusion.
You see here a +0 leather armour.
t - 5 scrolls labelled ZOISSA VINUTU (gained 1)
H - a ring of magical power A lemure comes into view.
The lemure shouts!
You hear a shout!
There are monsters nearby!
There are monsters nearby!
There are monsters nearby!
There are monsters nearby!
Press: ? - help, v - describe, . - travel The floor.
You see here 3 stones.
You see here 3 stones.
You see here a +1 heavy spear.
I - a +1 heavy spear You see here a +0 flail.
There is a stone staircase leading up here.
You climb upwards.
There is a stone staircase leading down here.
There is a stone staircase leading down here.
You climb downwards.
Level annotation: exclusion: 3 lemures, Pikel
Found a scroll labelled AMEOTE PEASUO.
Found an escape hatch in the floor.
There is a stone staircase leading up here.
You conjure some foxfire!
The gnoll shouts!
You conjure some foxfire!
The foxfire hits the gnoll.
The gnoll is lightly wounded.
The foxfire hits the gnoll but does no damage.
The foxfire hits the gnoll.
The gnoll is heavily wounded.
The gnoll hits you but does no damage.
You climb upwards.
There is a stone staircase leading down here.
Casting: Foxfire (safe; 14% risk of failure)
Confirm with . or Enter, or press ? or * to list all spells.
Flames lash the gnoll.
The gnoll is heavily wounded.
The gnoll's fire resistance burns away.
The gnoll closely misses you. The gnoll barely misses you.
Casting: Scorch (safe; 16% risk of failure)
Confirm with . or Enter, or press ? or * to list all spells.
Flames lash the gnoll.
The gnoll is almost dead.
The gnoll's fire resistance burns away.
The gnoll closely misses you. The gnoll misses you.
Casting: Scorch (safe; 16% risk of failure)
Confirm with . or Enter, or press ? or * to list all spells.
Flames lash the gnoll.
The gnoll is burned terribly!
You kill the gnoll!
The gnoll hits you with a +0 flail.
Casting: Scorch (safe; 16% risk of failure)
Confirm with . or Enter, or press ? or * to list all spells.
Flames lash the gnoll.
The gnoll is burned terribly!
You kill the gnoll!
You have reached level 6!
Your demonic ancestry asserts itself...
Frost condenses into a shield before you.
(D) Dungeon
Where to? (Enter - D:3 @ (x,y), ? - help)
What level of the Dungeon? (default 1, ? - help)
u - 4 scrolls labelled HEWKUU VEASUKK (gained 2)
You see here a +0 flail.
HP restored.
There is an open door here.
Magic restored.
There is a stone staircase leading up here.
You climb upwards.
There is a stone staircase leading down here.
There is a stone staircase leading up here.
You climb upwards.
There is a stone staircase leading down here.
You see here 9 stones.
There is a staircase leading out of the dungeon here.
Are you sure you want to leave the Dungeon?
This will make you lose the game!
You have escaped!

.......#######.# ### ##...#.#
..###.......##.#####.## #...#..
### ##########........#####...###
..# #.#....###...................
#.###...(....####...............)
#.#....##......####..........##.#
#.#....##.......#.##...####..#8.8
###...###.........##.#.# #..##.#
.#.....###......@.##.#.# #..#8_8
.#..#..# ##...[...####.## #..##.#
#####.## #...#...##....# #..#8.8
#.## ##...#..##.##.####.##.#
##..## #...##..#............# ##
#..#.# ##...####..#.###.#####
.###..#.# #...## #.....#...####
###..#..# ##...###.#.#..รท.)...#
###..#.## #....#####..........


There were no monsters in sight!

Vanquished Creatures
  A hound (D:3)
  An iguana (D:4)
  4 gnolls
  8 adders
  3 worms
  3 dart slugs
  7 orcs (D:3)
  6 endoplasms
  8 giant cockroaches
  3 goblins
  7 hobgoblins
  5 jackals
  5 kobolds
  2 quokkas (D:2)
  7 ball pythons
  5 bats
  8 frilled lizards
  7 rats
90 creatures vanquished.

Vanquished Creatures (others)
  206 foxfires
206 creatures vanquished.

Grand Total: 296 creatures vanquished

Notes
Turn   | Place    | Note
-------+----------+-------------------------------------------
     0 | D:1      | browni3141 the Demonspawn Fire Elementalist began the quest
                  | for the Orb.
     0 | D:1      | Reached XP level 1. HP: 13/13 MP: 3/3
   372 | D:1      | Found a faded altar of an unknown god.
   400 | D:1      | Gained mutation: You are partially covered in rugged brown
                  | scales. (AC +1, +3% HP) [demonic ancestry]
   400 | D:1      | Reached XP level 2. HP: 12/19 MP: 0/5
  1601 | D:2      | Gained mutation: You regenerate magic rapidly. [demonic
                  | ancestry]
  1601 | D:2      | Reached XP level 3. HP: 25/25 MP: 2/6
  1714 | D:2      | Learned a level 2 spell: Scorch
  1718 | D:2      | Reached skill level 3 in Fire Magic
  1779 | D:2      | Found Boah's Magic Scroll Emporium.
  1823 | D:2      | Gained mutation: When hurt, damage is shared between your
                  | health and your magic reserves. [demonic ancestry]
  1823 | D:2      | Reached XP level 4. HP: 31/31 MP: 3/7
  2953 | D:3      | Reached XP level 5. HP: 38/38 MP: 1/9
  3361 | D:3      | Found an iron altar of Okawaru.
  3365 | D:3      | Found a bloodstained altar of Trog.
  3372 | D:3      | Found a blossoming altar of Fedhas.
  3387 | D:3      | Found a burning altar of Makhleb.
  3406 | D:3      | Found a shimmering blue altar of Sif Muna.
  3700 | D:4      | Reached skill level 3 in Stealth
  3700 | D:4      | Reached skill level 3 in Spellcasting
  4125 | D:4      | Noticed Pikel
  4133 | D:4      | Noticed a lemure
  4167 | D:4      | Noticed a lemure
  4167 | D:4      | Noticed a lemure
  4191 | D:4      | Noticed a lemure
  4247 | D:3      | Gained mutation: A meltable shield of frost defends you.
                  | (SH +4) [demonic ancestry]
  4247 | D:3      | Reached XP level 6. HP: 43/45 MP: 0/10
  4399 | D:$      | Got out of the dungeon alive.

Illustrated notes

Levels and vault maps discovered:
D:1:      dpeg_arrival_arbitrary_a, layout_loops_cross, serial_co_window_serial,
          co_window_corner_a, co_window_paths_a, co_window_corner_a,
          co_window_paths_a, co_window_of_opportunity_a, co_window_2corner,
          co_window_2corner, co_window_corner_b, co_window_2corner,
          co_window_2corner, co_window_paths_c, co_window_paths_e,
          glass_columns_a, ebering_ecumenical_altar_hall,
          dreamdust_princess_corridor
D:2:      layout_loops_ring, serial_shops, shop, minmay_misc_feat_pillars,
          patterned_corridor
D:3:      kb_forest_paths, layout_loops_corners,
          nicolae_overflow_hallway_of_the_gods
D:4:      layout_loops_ring, uniq_pikel

Skill      XL: |  1  2  3  4  5 |
---------------+----------------+-----
Stealth        | 2 3 |  3.1
Dodging        | 2 |  2.8
Fire Magic     | 3 |  3.5
Fighting       | 1 2 |  2.1
Conjurations   | 2 |  2.0
Spellcasting   | 3 |  3.1

Action                     |  1- 3 |  4- 6 || total
---------------------------+-------+-------++-------
  Melee: Short sword       |    61 |   123 ||   184
         Punch             |       |     1 ||     1
   Cast: Foxfire           |    48 |    78 ||   126
         Scorch            |     1 |    10 ||    11
   Stab: Sleeping          |     3 |     3 ||     6
 Armour: Robe              |    10 |    10 ||    20
         Ring mail         |       |    37 ||    37
  Dodge: Dodged            |    41 |   121 ||   162
